Map: Tours du crépuscule

Players

YKNnky - Winner!

  • Race: Zerg Zerg

Plutonun

  • Race: Zerg Zerg
  • League: Silver

VOD

Have the link to the VOD?

Description

Time

  • Played on: Nov. 11, 2015, 3:17 p.m.
  • Length: 10:37
Show
View Real Time Build Order
Export as new Build Order

YKNnky Zerg - Winner!

Build Orders: Pool First 

Get SALT Encoding   

  12  0:01  Drone  
  13  0:09  Drone  
  14  0:16  Drone, Extractor  
  15  0:22  Overlord  
  15  0:40  Drone x2  
  17  0:45  Spawning Pool  
  17  0:48  Extractor  
  15  0:52  Drone  
  15  0:55  Drone  
  17  1:05  Drone  
  18  1:16  Drone  
  19  1:34  Queen  
  19  1:36  Hatchery  
  20  1:49  Drone  
  21  1:55  Overlord  
  21  1:59  Drone  
  22  2:12  Overlord  
  22  2:13  Queen  
  22  2:14  Zergling x2  
  25  2:24  Baneling Nest  
  24  2:31  Zergling x2  
  25  2:40  Zergling x2  
  26  2:47  Drone  
  26  2:48  Drone x2  
  31  2:55  Drone  
  32  3:03  Drone  
  33  3:07  Lair  
  33  3:09  Metabolic Boost  
  31  3:13  Queen  
  31  3:14  Drone  
  31  3:15  Drone x2  
  36  3:45  Zergling x6  
  38  3:49  Queen  
  40  4:06  Drone x2  
  40  4:07  Drone  
  40  4:09  Extractor  
  42  4:12  Extractor  
  42  4:13  Baneling Nest  
  42  4:15  Drone x2, Extractor  
  42  4:16  Drone x2  
  42  4:17  Overlord x3  
  43  4:23  Overlord  
  41  4:47  Drone x4  
  41  4:52  Evolution Chamber  
  44  4:53  Evolution Chamber, Queen  
  45  5:00  Drone  
  45  5:01  Drone x3  
  45  5:02  Drone x4  
  53  5:11  Overseer  
  53  5:16  Drone  
  54  5:27  Roach Warren  
  53  5:43  Zerg Missile Weapons Level 1, Hydralisk Den, Zerg Ground Armor Level 1  
  53  5:46  Drone x4  
  56  6:06  Hatchery  
  55  6:19  Roach x2  
  55  6:20  Roach x7  
  55  6:21  Roach  
  55  6:22  Overlord  
  55  6:23  Overlord x2  
  75  6:29  Muscular Augments  
  75  6:31  Glial Reconstitution  
  74  6:47  Hatchery  
  73  6:56  Hydralisk, Roach x3  
  73  6:57  Hydralisk, Roach  
  85  7:01  Hydralisk  
  87  7:18  Queen  
  87  7:20  Drone  
  90  7:31  Hydralisk x2  
  90  7:33  Zergling x10  
  90  7:34  Zergling x2  
  90  7:36  Zerg Missile Weapons Level 2  
  100  7:47  Zerg Ground Armor Level 2  
  100  7:52  Overlord x3  
  100  7:56  Extractor  
  99  8:08  Drone x2  
  99  8:09  Drone x2  
  99  8:10  Drone x4  
  99  8:11  Drone x2  
  109  8:27  Overseer  
  109  8:28  Overseer  
  109  8:31  Hydralisk x2, Roach x3  
  109  8:33  Overlord  
  119  8:37  Overlord  
  119  8:42  Overseer  
  119  8:45  Queen  
  121  8:54  Infestation Pit  
  120  9:05  Hydralisk x2, Roach x3  
  120  9:06  Hydralisk, Roach  
  134  9:15  Hydralisk x2  
  134  9:16  Roach  
  134  9:17  Roach  
  142  9:22  Burrow  
  142  9:32  Overlord x2  
  142  9:33  Overlord x2  
  142  9:46  Roach  
  142  9:47  Overlord  
  144  9:53  Drone  
  144  9:54  Drone x2  
  147  10:00  Roach x2  
  147  10:01  Roach x6  
Show
View Real Time Build Order
Export as new Build Order

Plutonun Zerg 

Build Orders: Hatch First 

Get SALT Encoding   

  12  0:02  Drone  
  13  0:11  Drone  
  14  0:17  Overlord  
  14  0:36  Drone x3  
  17  0:55  Hatchery  
  17  0:56  Drone  
  17  1:00  Drone  
  18  1:04  Extractor  
  18  1:10  Overlord  
  17  1:22  Spawning Pool  
  17  1:24  Drone  
  17  1:37  Drone  
  18  1:42  Drone  
  19  1:52  Drone  
  20  2:03  Drone  
  21  2:09  Zergling x2  
  21  2:14  Queen  
  21  2:15  Queen  
  26  2:16  Overlord  
  26  2:20  Drone  
  27  2:31  Metabolic Boost  
  27  2:47  Drone x5  
  32  3:02  Drone  
  32  3:04  Drone x2  
  35  3:18  Queen x2  
  39  3:26  Drone x2  
  39  3:27  Drone x3  
  42  3:30  Overlord  
  43  3:40  Roach Warren  
  42  3:48  Zergling x2  
  42  3:49  Zergling x8  
  42  3:55  Zergling x2  
  48  4:02  Spine Crawler  
  47  4:06  Overlord  
  47  4:07  Overlord  
  47  4:25  Roach x3  
  47  4:26  Roach  
  55  4:57  Roach x2  
  59  5:01  Overlord  
  59  5:02  Overlord  
  59  5:15  Extractor  
  58  5:22  Drone  
  58  5:23  Drone x9  
  68  5:30  Overlord  
  68  5:32  Roach x2  
  68  5:33  Roach x2  
  76  5:38  Lair  
  76  5:51  Drone x4  
  76  5:52  Drone x2  
  76  5:56  Extractor  
  81  5:59  Extractor  
  80  6:17  Roach x2  
  84  6:28  Overlord x4  
  84  6:51  Roach x8  
  100  6:59  Queen  
  102  7:18  Glial Reconstitution  
  102  7:37  Overseer  
  102  7:51  Drone  
  102  7:52  Hatchery, Drone x14  
  116  8:08  Hydralisk Den  
  115  8:32  Overlord x4  
  115  8:33  Overlord x5  
  113  9:07  Hydralisk x3  
  113  9:08  Hydralisk x5  
  129  9:15  Spine Crawler  
  128  9:18  Spine Crawler  
  128  9:23  Zergling x2  
  128  9:24  Zergling x12  
  134  9:53  Baneling Nest  
  133  10:02  Hydralisk  
  133  10:03  Hydralisk x16  
Tags
 
Add a new tag
Caveats
  • Supply blocks, unpowered buildings, or Contaminate may cause inaccurate times.
  • Supply counts are checked every 10 seconds.